 Dungeon Crawl Stone Soup version 0.23-a0-358-g98c7a59 (webtiles) character file.

1390 Cryolive the Geomancer (level 8, -1/43 HPs)
             Began as a Gargoyle Earth Elementalist on Oct 22, 2018.
             Was a Believer of Vehumet.
             Slain by an orc warrior
             ... wielding a +0 scimitar
              (21 damage)
             ... on level 6 of the Dungeon.
             The game lasted 00:45:18 (6982 turns).

Cryolive the Geomancer (GrEE)                       Turns: 6982, Time: 00:45:18

Health: -1/43      AC: 10    Str: 12    XL:     8   Next: 68%
Magic:  11/17      EV: 12    Int: 18    God:    Vehumet [**....]
Gold:   174        SH:  0    Dex: 10    Spells: 11/20 levels left

rFire    . . .     SeeInvis .   I - +2 hand axe (elec)
rCold    . . .     Gourm    .   (no shield)
rNeg     + . .     Faith    .   c - +0 robe
rPois    ∞         Spirit   .   n - +0 helmet
rElec    +         Reflect  .   o - +0 cloak
rCorr    .         Harm     .   G - +0 pair of gloves
MR       .....                  (no boots)
Stlth    ++........             (no amulet)
HPRegen  0.14/turn              (no ring)
MPRegen  0.15/turn              (no ring)

@: no status effects
A: negative energy resistance 1, electricity resistance, unbreathing,
petrification resistance, rot immunity, AC +5
a: Renounce Religion


You were on level 6 of the Dungeon.
You worshipped Vehumet.
Vehumet was pleased with you.
You were not hungry.

You visited 2 branches of the dungeon, and saw 7 of its levels.
You also visited: Ossuary.

You collected 266 gold pieces.
You spent 92 gold pieces at shops.

Inventory:

Hand Weapons
 e - a +0 great mace
 m - a +3 quarterstaff of chaos
 E - a +0 flail
 I - a +2 hand axe of electrocution (weapon)
Missiles
 b - 116 stones (quivered)
Armour
 c - a +0 robe (worn)
 n - a +0 helmet (worn)
 o - a +0 cloak (worn)
 G - a +0 pair of gloves (worn)
Jewellery
 j - a +3 ring of evasion {unknown}
 q - an uncursed ring of positive energy {unknown}
 r - an uncursed ring of poison resistance {unknown}
Wands
 s - a wand of iceblast (1)
 D - a wand of paralysis (26)
Scrolls
 a - a scroll of enchant weapon
 f - 5 scrolls of remove curse
 h - 8 scrolls of identify
 l - 3 scrolls of fear
 p - a scroll of amnesia {unknown}
 t - a scroll of immolation {unknown}
 u - a scroll of magic mapping {unknown}
 w - 2 scrolls of enchant armour {unknown}
 y - a scroll of summoning {unknown}
 z - a scroll of teleportation {unknown}
 H - a scroll of fog {unknown}
Potions
 g - a potion of lignification
 i - 7 potions of curing
 k - a potion of haste {unknown}
 v - a potion of mutation {unknown}
 x - a potion of might {unknown}
 A - a potion of magic {unknown}
 B - 2 potions of resistance {unknown}
 C - 2 potions of agility
 F - a potion of degeneration {unknown}
Comestibles
 d - 6 rations


   Skills:
 + Level 1.0 Fighting
 + Level 0.9 Maces & Flails
 + Level 1.0 Armour
 + Level 1.8 Dodging
 - Level 2.1 Stealth
 + Level 6.6 Spellcasting
 * Level 1.6 Conjurations
   Level 0.7 Transmutations
 + Level 9.0 Earth Magic
 + Level 0.8 Evocations


You had 11 spell levels left.
You knew the following spells:

 Your Spells              Type           Power        Failure   Level  Hunger
a - Sandblast             Erth           #####.       1%          1    None
b - Lee's Rapid Deconstr  Erth           #####.....   8%          5    #####..
c - Stone Arrow           Conj/Erth      ####..       3%          3    ##.....

Your spell library contained the following spells:

 Spells                   Type           Power        Failure   Level  Hunger
 Flame Tongue             Conj/Fire      #....        9%          1    None
 Passwall                 Tmut/Erth      ###.....     2%          2    None
 Confusing Touch          Hex            #.....       12%         1    None
 Petrify                  Tmut/Erth      ###.....     16%         4    ####...
 Confuse                  Hex            #.......     34%         3    ##.....
 Gell's Gravitas          Tloc           #.........   34%         3    ##.....
 Yara's Violent Unravell  Hex/Tmut       #.........   95%         5    #####..
 Metabolic Englaciation   Hex/Ice        #.........   97%         5    #####..


Dungeon Overview and Level Annotations

Branches:
Dungeon (6/15)             Temple (1/1) D:4

Altars:
Cheibriados
Dithmenos
Fedhas
Hepliaklqana
Kikubaaqudgha
Okawaru
Qazlal
Ru
Sif Muna
Trog
Uskayaw
Vehumet
Wu Jian
Xom
Yredelemnul
Zin

Shops:
D:4 *[*   D:5 **

Annotations:
D:3 2 transporters


Innate Abilities, Weirdness & Mutations

You are resistant to torment.
Your stone body is resilient. (AC +5)
You are immune to poison.
You resist negative energy. (rN+)
You are resistant to electric shocks. (rElec)
You can survive without breathing.
You are immune to petrification.
You are immune to rotting.


Message History

Confirm wit' . or Enter, or press ? or * ta list all spells.
Aimin': Sandblast (safe; 1% risk o' failure)
Press: ? - help, Shift-Dir - straight line, f/p - orc warrior
Aim: an orc warrior, wieldin' a +0 scimitar an' wearin' a +0 chain mail Tha blast o' sand hits tha orc warrior.
Tha orc warrior be moderately wounded.
b - 117 stones Castin': Sandblast (safe; 1% risk o' failure) Confirm wit' . or Enter, or press ? or * ta list all spells.
Aimin': Sandblast (safe; 1% risk o' failure)
Press: ? - help, Shift-Dir - straight line, f/p - orc warrior
Aim: an orc warrior, wieldin' a +0 scimitar an' wearin' a +0 chain mail Tha blast o' sand hits tha orc warrior.
Tha orc warrior be almost dead.
b - 116 stones Tha orc warrior misses ye.
Ye closely miss tha orc warrior.
Tha orc warrior be almost dead.
Tha orc warrior hits ye wit' a +0 scimitar!!
Ye die...

#.# #### ..#.# ..#.# #.# #.#
o... ..... #.#####.# .o.
.##.# #.......# .. #
##.###### .# .# #.#
####.#..## .o.. #.#
#).......# ###. #.#
#o##.#.#... #.# #@# .# #.#
#.# .# #.# #.##.# #...# #.
#.# #.##.# #...# #. #.#
##.##.# #... ##. #.#
##...#.## #... ..
#.########(#.#...#####..####.
#..................> ........
##########.#.#...######.###..


You could see an orc warrior.

Vanquished Creatures
  An orc warrior (D:6)
  2 ogres (D:4)
  2 centaurs
  A water moccasin zombie (Ossuary)
  A scorpion (D:5)
  3 centaur zombies (D:5)
  3 crimson imps (D:5)
  3 orc priests
  5 hounds
  Crazy Yiuf (D:2)
  An orc wizard (D:2)
  2 worker ants (D:4)
  A killer bee zombie (D:5)
  A big kobold zombie (Ossuary)
  A hound zombie (D:5)
  2 mummies (Ossuary)
  11 adders
  A shadow imp (D:5)
  An ooze (D:1)
  An adder zombie (Ossuary)
  3 dart slugs
  3 leopard geckos
  22 orcs
  2 ball pythons
  8 bats
  7 giant cockroaches
  6 goblins
  4 hobgoblins
  8 jackals
  3 kobolds
  6 frilled lizards
  3 gnoll zombies (Ossuary)
  7 hobgoblin zombies (Ossuary)
  6 kobold zombies (Ossuary)
  7 orc zombies (Ossuary)
  A quokka skeleton (D:4)
  6 rats
146 creatures vanquished.

Notes
Turn   | Place    | Note
-------+----------+-------------------------------------------
     0 | D:1      | Cryolive the Gargoyle Earth Elementalist began the quest
                  | for the Orb.
     0 | D:1      | Reached XP level 1. HP: 10/10 MP: 3/3
    95 | D:1      | Reached skill level 4 in Earth Magic
    95 | D:1      | Reached XP level 2. HP: 2/15 MP: 5/5
   175 | D:1      | Found an iron altar of Okawaru.
   399 | D:1      | Reached XP level 3. HP: 9/19 MP: 6/6
   909 | D:2      | Found a stormy altar of Qazlal.
  1536 | D:2      | Reached XP level 4. HP: 24/24 MP: 6/8
  1742 | D:2      | Reached skill level 5 in Earth Magic
  1977 | D:2      | Found a runed door.
  1981 | D:2      | Noticed Crazy Yiuf
  1987 | D:2      | Killed Crazy Yiuf
  1987 | D:2      | Reached XP level 5. HP: 10/28 MP: 5/10
  2379 | D:3      | Found a sacrificial altar of Ru.
  2453 | D:3      | Found a hazy altar of Hepliaklqana.
  2454 | D:3      | Noticed a hungry ghost
  2455 | D:3      | Found a transporter.
  2463 | D:3      | Found a transporter.
  2513 | D:3      | Found an ancient bone altar of Kikubaaqudgha.
  3060 | D:4      | Reached skill level 6 in Earth Magic
  3088 | D:4      | Reached XP level 6. HP: 32/32 MP: 12/12
  3103 | D:4      | Found Wukkidayt's Assorted Antiques.
  3112 | D:4      | Bought 2 scrolls of identify for 92 gold pieces
  3278 | D:4      | Found Adghoifo's Armour Shoppe.
  3326 | D:4      | Found a staircase to the Ecumenical Temple.
  3335 | Temple   | Entered the Ecumenical Temple
  3412 | Temple   | Became a worshipper of Vehumet
  3545 | D:4      | Found Saash's Assorted Antiques.
  3783 | D:4      | Reached XP level 7. HP: 34/36 MP: 14/14
  3836 | D:4      | Reached skill level 7 in Earth Magic
  3858 | D:4      | Reached skill level 5 in Spellcasting
  4430 | D:5      | Entered Level 5 of the Dungeon
  4541 | D:5      | Found Bounous's Assorted Antiques.
  4577 | D:5      | Found Zin's Purification Station.
  4591 | D:5      | Found a glowing silver altar of Zin.
  4685 | D:5      | Reached skill level 8 in Earth Magic
  4740 | D:5      | Found a snail-covered altar of Cheibriados.
  4789 | D:5      | Reached XP level 8. HP: 41/41 MP: 13/16
  4890 | D:5      | Reached * piety under Vehumet
  4890 | D:5      | Offered knowledge of Sting by Vehumet.
  4991 | D:5      | Found a shadowy altar of Dithmenos.
  5079 | D:5      | Found a sand-covered staircase.
  5099 | Ossuary  | Entered an ossuary
  5233 | Ossuary  | Offered knowledge of Flame Tongue by Vehumet.
  5236 | Ossuary  | Reached ** piety under Vehumet
  5938 | D:5      | Learned a level 5 spell: Lee's Rapid Deconstruction
  5942 | D:5      | Learned a level 3 spell: Stone Arrow
  6511 | D:6      | Found a basalt altar of Yredelemnul.
  6674 | D:6      | Reached skill level 1 in Conjurations
  6674 | D:6      | Reached skill level 9 in Earth Magic
  6750 | D:6      | Reached skill level 1 in Fighting
  6906 | D:6      | Reached skill level 1 in Armour
  6982 | D:6      | Slain by an orc warrior

Vault maps used:
D:1:      dpeg_arrival_rhombi, okawaru_ov_weapons_minmay
D:2:      grunt_qazlal_sundering, chequers_mini_garden, uniq_crazy_yiuf_cottage
D:3:      kiku_gazebo_garden_becter, gammafunk_temple_overflow_arena,
          first_ration, minmay_misc_feat_rows, nicolae_ru_awakened_eye
D:4:      temple_hall, serial_shops, kennysheep_mini_moat, shop, shop
D:5:      old_standard_altar, lemuel_round_altar, zin_purify, enter_ossuary_1,
          serial_shops, nicolae_shop_competitors_out_of_business
D:6:      lemuel_coloured_pillars_altar, kennysheep_generic_room_13
Temple:   nicolae_temple_figure_zero
Ossuary:  ossuary_tomb_2

Skill      XL: |  1  2  3  4  5  6  7  8 |
---------------+-------------------------+-----
Earth Magic    | 4 5 6 8 9 |  9.0
Spellcasting   | 3 4 5 6 |  6.6
Conjurations   | 1 |  1.6
Fighting       | 1 |  1.0
Armour         | 1 |  1.0
Maces & Flails | |  0.9
Dodging        | |  1.8
Stealth        | |  2.1
Transmutations | |  0.7
Evocations     | |  0.8

Action                   |  1- 3 |  4- 6 |  7- 9 || total
-------------------------+-------+-------+-------++-------
Melee: Unarmed           |    45 |       |       ||    45
       Mace              |    81 |    51 |       ||   132
       Quarterstaff      |       |    41 |    93 ||   134
       Great mace        |       |       |    14 ||    14
       Hand axe          |       |       |    14 ||    14
       Flail             |       |       |     8 ||     8
 Cast: Sandblast         |    10 |    34 |    82 ||   126
       Lee's Rapid Decon |       |       |     2 ||     2
  Use: Scroll            |       |     2 |     2 ||     4
       Potion            |       |       |     4 ||     4
 Stab: Sleeping          |     1 |     2 |       ||     3
       Distracted        |       |       |     1 ||     1
       Paralysed         |       |       |     1 ||     1
  Eat: Chunk             |     2 |     4 |     2 ||     8
       Ration            |       |     1 |     3 ||     4
Armor: Robe              |    53 |    51 |    61 ||   165
Dodge: Dodged            |    99 |    82 |   110 ||   291

Table legend:
 A = Non-vault XP
 B = Vault XP
 C = Vault XP percentage of total XP
 D = Non-vault monster count
 E = Vault monster count
 F = Vault count percentage of total count
                 A         B        C        D         E       F
            +---------+---------+-------+---------+---------+-------
      Total |    1779 |     207 |  10.4 |     117 |      29 |  19.9
            +---------+---------+-------+---------+---------+-------
        D:1 |      46 |       0 |   0.0 |      23 |       0 |   0.0
        D:2 |     108 |      41 |  27.5 |      22 |       1 |   4.3
        D:3 |     106 |       0 |   0.0 |      17 |       0 |   0.0
        D:4 |     556 |       0 |   0.0 |      18 |       0 |   0.0
        D:5 |     613 |       0 |   0.0 |      19 |       0 |   0.0
        D:6 |     350 |       0 |   0.0 |      18 |       0 |   0.0
    Ossuary |       0 |     166 | 100.0 |       0 |      28 | 100.0
            +---------+---------+-------+---------+---------+-------
